PA
DELAWARE 1787 BC @ MANCELONA TORCH
06/23/2034
 
TOP OF THE 1ST
Delaware 1787 BC batting - Pitching for Mancelona Torch : LHP John Penton
Pitching: LHP John Penton
Batting: RHB Román Ramírez 0-0: Ball
1-0: Ball
2-0: Ball
3-0: Base on Balls
Batting: LHB Todd Bonzalez 0-0: Ball
1-0: Called Strike
1-1: Called Strike
1-2: Foul Ball, location: 2F
1-2: Foul Ball, location: 2F
1-2: Strikes out swinging
Batting: RHB Zacarías Salazar 0-0: Foul Ball, location: 2F
0-1: Ball
1-1: Ball
2-1: Called Strike
2-2: Strikes out swinging
Batting: RHB Carlos Mendoza 0-0: Ball
1-0: Swinging Strike
1-1: Ball
2-1: Fly out, F7 (Flyball, 78XD)
Top of the 1st over - 0 runs, 0 hits, 0 errors, 1 left on base; Delaware 0 - Mancelona 0
BOTTOM OF THE 1ST
Mancelona Torch batting - Pitching for Delaware 1787 BC : RHP Kent Phillips
Pitching: RHP Kent Phillips
Batting: LHB Duncan Witteman 0-0: Called Strike
0-1: Ball
1-1: Swinging Strike
1-2: SINGLE (Line Drive, 9S)
Batting: LHB Charles Godard 0-0: Ball
1-0: SINGLE (Line Drive, 89S)
Duncan Witteman to second
Batting: LHB Basava Puri 0-0: Ball
1-0: Grounds into double play, 6-4-3 (Groundball, 6)
Duncan Witteman to third
Batting: SHB Arend van der Veen 0-0: DOUBLE (Flyball, 8RXD)
Duncan Witteman scores
Batting: LHB Ed Holte 0-0: Ball
1-0: Ball
2-0: Called Strike
2-1: Ball
Wild Pitch!
Arend van der Veen to third
3-1: Fly out, F9 (Flyball, 9)
Bottom of the 1st over - 1 run, 3 hits, 0 errors, 1 left on base; Delaware 0 - Mancelona 1
TOP OF THE 2ND
Delaware 1787 BC batting - Pitching for Mancelona Torch : LHP John Penton
Batting: RHB Gerold Olthof 0-0: Foul Ball, location: 2F
0-1: DOUBLE (Line Drive, 78XD)
Batting: RHB Tomás Flores 0-0: Foul Ball, location: 2F
0-1: Ball
1-1: Swinging Strike
1-2: Ball
2-2: Ball
3-2: SINGLE (Line Drive, 34D)
Gerold Olthof to third
Batting: LHB Manuel Gonzáles 0-0: Ball
1-0: Called Strike
1-1: Foul Ball, location: 2F
1-2: Fly out, F9 (Flyball, 89M)
Runner from 3rd tags up, OUT at HOME
Tomás Flores to second
Batting: LHB Michael Simmons 0-0: Called Strike
0-1: SINGLE (Groundball, 56D)
Tomás Flores to third
Runner from 3rd tries for Home, SAFE, no throw
Batting: RHB Denis Perrin 0-0: Ball
1-0: Hit by Pitch
Michael Simmons to second
Batting: RHB Román Ramírez 0-0: Ball
1-0: Foul Ball, location: 2F
1-1: Ball
2-1: Ball
3-1: DOUBLE (Line Drive, 7LD)
Michael Simmons scores
Denis Perrin to third
Runner from 3rd tries for Home, SAFE, no throw
Batting: LHB Todd Bonzalez 0-0: Foul Ball, location: 2F
0-1: Swinging Strike
0-2: Foul Ball, location: 2F
0-2: Ball
1-2: Strikes out swinging
Top of the 2nd over - 3 runs, 4 hits, 0 errors, 1 left on base; Delaware 3 - Mancelona 1
BOTTOM OF THE 2ND
Mancelona Torch batting - Pitching for Delaware 1787 BC : RHP Kent Phillips
Batting: RHB Magtanggol Florencio 0-0: Ball
1-0: Ground out 6-3 (Groundball, 6)
Batting: RHB Marty Aspen 0-0: Foul Ball, location: 2F
0-1: Swinging Strike
0-2: Ball
1-2: Ball
2-2: Strikes out swinging
Batting: SHB Carlos Morales 0-0: Ball
1-0: Foul Ball, location: 2F
1-1: Ground out 5-3 (Groundball, 56)
Bottom of the 2nd over - 0 runs, 0 hits, 0 errors, 0 left on base; Delaware 3 - Mancelona 1
TOP OF THE 3RD
Delaware 1787 BC batting - Pitching for Mancelona Torch : LHP John Penton
Batting: RHB Zacarías Salazar 0-0: Ground out 3-1 (Groundball, 34)
Batting: RHB Carlos Mendoza 0-0: Ball
1-0: Ball
2-0: Ball
3-0: Called Strike
3-1: Foul Ball, location: 2F
3-2: Base on Balls
Batting: RHB Gerold Olthof 0-0: Ball
Wild Pitch!
Carlos Mendoza to second
1-0: Called Strike
1-1: Fly out, F7 (Line Drive, 7D)
Batting: RHB Tomás Flores 0-0: Ball
1-0: Fly out, F9 (Flyball, 9)
Top of the 3rd over - 0 runs, 0 hits, 0 errors, 1 left on base; Delaware 3 - Mancelona 1
BOTTOM OF THE 3RD
Mancelona Torch batting - Pitching for Delaware 1787 BC : RHP Kent Phillips
Batting: RHB Hjalmar Bisseling 0-0: Called Strike
0-1: Ball
1-1: Ball
2-1: Called Strike
2-2: Ground out 3-1 (Groundball, 34S)
Batting: LHB Duncan Witteman 0-0: DOUBLE (Line Drive, 7LM)
Batting: LHB Charles Godard 0-0: Ball
1-0: Ball
2-0: Ground out 4-3 (Groundball, 4)
Duncan Witteman to third
Batting: LHB Basava Puri 0-0: Ball
1-0: Called Strike
1-1: Swinging Strike
1-2: Ball
2-2: Foul Ball, location: 2F
2-2: Ball
3-2: Ground out 4-3 (Groundball, 4)
Bottom of the 3rd over - 0 runs, 1 hit, 0 errors, 1 left on base; Delaware 3 - Mancelona 1
TOP OF THE 4TH
Delaware 1787 BC batting - Pitching for Mancelona Torch : LHP John Penton
Batting: LHB Manuel Gonzáles 0-0: Called Strike
0-1: Ground out 4-3 (Groundball, 34D)
Batting: LHB Michael Simmons 0-0: Ball
1-0: Ball
2-0: Ball
3-0: Called Strike
3-1: Ground out 2-3 (Groundball, 15S)
Batting: RHB Denis Perrin 0-0: Called Strike
0-1: Ball
1-1: Fly out, F7 (Flyball, 7LM)
Top of the 4th over - 0 runs, 0 hits, 0 errors, 0 left on base; Delaware 3 - Mancelona 1
BOTTOM OF THE 4TH
Mancelona Torch batting - Pitching for Delaware 1787 BC : RHP Kent Phillips
Batting: SHB Arend van der Veen 0-0: Called Strike
0-1: SINGLE (Groundball, 34D)
Batting: LHB Ed Holte 0-0: Ball
1-0: Called Strike
1-1: Foul Ball, location: 2F
1-2: Ball
2-2: Foul Ball, location: 2F
2-2: Ball
3-2: Foul Ball, location: 2F
3-2: Fly out, F7 (Flyball, 78S)
Batting: RHB Magtanggol Florencio 0-0: SINGLE (Flyball, 8LS)
Arend van der Veen to second
Runner from 2nd tries for 3rd, SAFE, no throw
Batting: RHB Marty Aspen 0-0: Ball
Magtanggol Florencio is caught stealing 2nd base
1-0: Called Strike
1-1: SINGLE (Flyball, 4MD)
Arend van der Veen scores
Batting: SHB Carlos Morales 0-0: SINGLE (Line Drive, 78S)
Marty Aspen to second
Batting: RHB Hjalmar Bisseling 0-0: Called Strike
0-1: Ball
1-1: Ball
2-1: Ball
3-1: SINGLE (Line Drive, 56)
Marty Aspen to third
Carlos Morales to second
Runner from 3rd tries for Home, SAFE, no throw
Batting: LHB Duncan Witteman 0-0: Swinging Strike
0-1: Ball
1-1: Ball
2-1: Ground out 4-3 (Groundball, 34)
Bottom of the 4th over - 2 runs, 5 hits, 0 errors, 2 left on base; Delaware 3 - Mancelona 3
TOP OF THE 5TH
Delaware 1787 BC batting - Pitching for Mancelona Torch : LHP John Penton
Batting: RHB Román Ramírez 0-0: Ball
1-0: Foul Ball, location: 2F
1-1: Fly out, F5 (Line Drive, 5S)
Batting: LHB Todd Bonzalez 0-0: Ball
1-0: SINGLE (Flyball, 7LS) - OUT at second base trying to stretch hit.
Batting: RHB Zacarías Salazar 0-0: Ball
1-0: Foul Ball, location: 2F
1-1: Called Strike
1-2: SINGLE (Groundball, 6D)
Batting: RHB Carlos Mendoza 0-0: Ball
1-0: Ball
2-0: Ball
3-0: Base on Balls
Zacarías Salazar to second
Batting: RHB Gerold Olthof 0-0: SINGLE (Line Drive, 8LS)
Zacarías Salazar to third
Carlos Mendoza to second
Runner from 3rd tries for Home, SAFE, no throw
Pitching: RHP John Fain
Batting: RHB Tomás Flores 0-0: Foul Ball, location: 2F
0-1: Ball
1-1: Swinging Strike
1-2: Ball
2-2: Fly out, F9 (Flyball, 9S)
Top of the 5th over - 1 run, 3 hits, 0 errors, 2 left on base; Delaware 4 - Mancelona 3
BOTTOM OF THE 5TH
Mancelona Torch batting - Pitching for Delaware 1787 BC : RHP Kent Phillips
Batting: LHB Charles Godard 0-0: Ball
1-0: SOLO HOME RUN (Flyball, 7D), Distance : 372 ft
Batting: LHB Basava Puri 0-0: Called Strike
0-1: Ball
1-1: Foul Ball, location: 2F
1-2: Foul Ball, location: 2F
1-2: Foul Ball, location: 2F
1-2: Ball
2-2: Fly out, F7 (Flyball, 7S)
Batting: SHB Arend van der Veen 0-0: Fly out, F3 (Popup, 3SF)
Batting: LHB Ed Holte 0-0: Ball
1-0: Ball
2-0: Ball
3-0: Called Strike
3-1: Foul Ball, location: 2F
3-2: Foul Ball, location: 2F
3-2: Base on Balls
Batting: RHB Magtanggol Florencio 0-0: Ball
1-0: Swinging Strike
1-1: Called Strike
1-2: Ball
2-2: Fly out, F7 (Line Drive, 7LM)
Bottom of the 5th over - 1 run, 1 hit, 0 errors, 1 left on base; Delaware 4 - Mancelona 4
TOP OF THE 6TH
Delaware 1787 BC batting - Pitching for Mancelona Torch : RHP John Fain
Batting: LHB Manuel Gonzáles 0-0: SINGLE (Line Drive, 8LS)
Batting: LHB Michael Simmons 0-0: Sac Bunt - play at first, batter OUT! 3-4
Manuel Gonzáles to second
Batting: RHB Denis Perrin 0-0: Ground out U3 (Groundball, 3)
Manuel Gonzáles to third
Batting: RHB Román Ramírez 0-0: Foul Ball, location: 2F
0-1: Called Strike
0-2: Foul Ball, location: 2F
0-2: Strikes out swinging
Top of the 6th over - 0 runs, 1 hit, 0 errors, 1 left on base; Delaware 4 - Mancelona 4
BOTTOM OF THE 6TH
Mancelona Torch batting - Pitching for Delaware 1787 BC : RHP Kent Phillips
Batting: RHB Marty Aspen 0-0: Called Strike
0-1: Foul Ball, location: 2F
0-2: Ball
1-2: Ball
2-2: Foul Ball, location: 2F
2-2: Foul Ball, location: 2F
2-2: Fly out, F4 (Popup, 4M)
Batting: SHB Carlos Morales 0-0: Ball
1-0: Ball
2-0: SINGLE (Groundball, 34D)
Batting: RHB Hjalmar Bisseling 0-0: Called Strike
0-1: Ball
1-1: Foul Ball, location: 2F
1-2: Ball
2-2: Ball
3-2: Base on Balls
Carlos Morales to second
Batting: LHB Duncan Witteman 0-0: Ball
Carlos Morales is caught stealing 3rd base
1-0: Ball
2-0: Ground out 4-3 (Groundball, 4)
Bottom of the 6th over - 0 runs, 1 hit, 0 errors, 1 left on base; Delaware 4 - Mancelona 4
TOP OF THE 7TH
Delaware 1787 BC batting - Pitching for Mancelona Torch : RHP John Fain
Batting: LHB Todd Bonzalez 0-0: Ground out 4-3 (Groundball, 4)
Batting: RHB Zacarías Salazar 0-0: Ground out 6-3 (Groundball, 56D)
Batting: RHB Carlos Mendoza 0-0: Ball
1-0: Called Strike
1-1: Swinging Strike
1-2: Strikes out swinging
Top of the 7th over - 0 runs, 0 hits, 0 errors, 0 left on base; Delaware 4 - Mancelona 4
BOTTOM OF THE 7TH
Mancelona Torch batting - Pitching for Delaware 1787 BC : RHP Kent Phillips
Batting: LHB Charles Godard 0-0: Ball
1-0: Fly out, F6 (Popup, 6S)
Batting: LHB Basava Puri 0-0: Called Strike
0-1: Ball
1-1: Called Strike
1-2: Ball
2-2: Fly out, F6 (Line Drive, 6)
Batting: SHB Arend van der Veen 0-0: Ball
1-0: Ground out 4-3 (Groundball, 4)
Bottom of the 7th over - 0 runs, 0 hits, 0 errors, 0 left on base; Delaware 4 - Mancelona 4
TOP OF THE 8TH
Delaware 1787 BC batting - Pitching for Mancelona Torch : RHP John Fain
Batting: RHB Gerold Olthof 0-0: Ball
1-0: Ball
2-0: Fly out, F7 (Flyball, 7LS)
Pinch Hitting: LHB Lucas Hancox 0-0: Fly out, F4 (Line Drive, 34)
Batting: LHB Manuel Gonzáles 0-0: Ball
1-0: SINGLE (Groundball, 34) (infield hit)
Batting: LHB Michael Simmons 0-0: Ball
1-0: Ball
2-0: Foul Ball, location: 2F
2-1: Ball
3-1: Fly out, F2 (Popup, 25F)
Top of the 8th over - 0 runs, 1 hit, 0 errors, 1 left on base; Delaware 4 - Mancelona 4
BOTTOM OF THE 8TH
Mancelona Torch batting - Pitching for Delaware 1787 BC : RHP Kent Phillips
Pitching: LHP Luis Valdés
Now at 1B: Lucas Hancox
Pinch Hitting: RHB Wen Chua 0-0: Ground out 4-3 (Groundball, 4M)
Batting: RHB Magtanggol Florencio 0-0: Foul Ball, location: 2F
0-1: SINGLE (Groundball, 56D)
Batting: RHB Marty Aspen 0-0: Ball
1-0: Ball
2-0: Ball
3-0: Base on Balls
Magtanggol Florencio to second
Batting: SHB Carlos Morales 0-0: Fielders Choice at 2nd, 4-6 (Groundball, 34)
Magtanggol Florencio to third
Batting: RHB Hjalmar Bisseling 0-0: Ball
1-0: Called Strike
1-1: Fly out, F7 (Flyball, 7LM)
Bottom of the 8th over - 0 runs, 1 hit, 0 errors, 2 left on base; Delaware 4 - Mancelona 4
TOP OF THE 9TH
Delaware 1787 BC batting - Pitching for Mancelona Torch : RHP John Fain
Now in RF: Timofei Ahvlediani
Batting: RHB Denis Perrin 0-0: Swinging Strike
0-1: Ball
1-1: Foul Ball, location: 2F
1-2: Ball
2-2: Foul Ball, location: 2F
2-2: Ground out 4-3 (Groundball, 4)
Batting: RHB Román Ramírez 0-0: Ball
1-0: Ground out 5-3 (Groundball, 56S)
Batting: LHB Todd Bonzalez 0-0: Swinging Strike
0-1: Ball
1-1: Called Strike
1-2: Ball
2-2: Foul Ball, location: 2F
2-2: Ground out 4-3 (Groundball, 34)
Top of the 9th over - 0 runs, 0 hits, 0 errors, 0 left on base; Delaware 4 - Mancelona 4
BOTTOM OF THE 9TH
Mancelona Torch batting - Pitching for Delaware 1787 BC : LHP Luis Valdés
Batting: LHB Duncan Witteman 0-0: Ball
1-0: Ball
2-0: Ball
3-0: Base on Balls
Batting: LHB Charles Godard 0-0: Called Strike
0-1: Sac Bunt - play at first, batter OUT! U3
Duncan Witteman to second
Batting: LHB Basava Puri 0-0: Ball
1-0: Called Strike
1-1: Swinging Strike
1-2: Strikes out swinging
Batting: SHB Arend van der Veen 0-0: Ball
1-0: Called Strike
1-1: Called Strike
1-2: SINGLE (Groundball, 6MD)
Duncan Witteman to third
Runner from 3rd tries for Home, SAFE, throw made home
Friday, March 29th, 2019 - OOTP Baseball 18.8 Build 76